 Dungeon Crawl Stone Soup version 0.31-a0-705-ga145531891 (webtiles) character file.

Game seed: 1977628670528997511

2 BlueFish the Grasshopper (level 1, 0/1 HPs)
             Began as an Octopode Warper on Sept 10, 2023.
             Slain by a bat (1 damage)
             ... on level 1 of the Dungeon.
             The game lasted 00:00:30 (92 turns).

BlueFish the Grasshopper (Octopode Warper)            Turns: 92, Time: 00:00:31

Health: 0/1        AC:  2    Str: 15    XL:     1   Next: 40%
Magic:  3/3        EV: 10    Int: 15    God:
Gold:   0          SH:  0    Dex: 11    Spells: 4/4 levels left

rFire   . .          .
                       - Unarmed
rCold   . . .        (shield currently unavailable)
rNeg    . . .        (helmet currently unavailable)
rPois   .            (no amulet)
rElec   .            (no ring)
rCorr   .            (no ring)
SInv    .            (no ring)
Will    .....        (no ring)
Stlth   +            (no ring)
HPRegen 0.20/turn    (no ring)
MPRegen 0.08/turn    (no ring)
                     (no ring)

%: no passive effects
@: snake-form
A: constrict, reduced hp, almost no armour, amphibious, 8 rings, large,
(camouflage 1), (gelatinous body 1), (nimble swimmer 1), (tentacles)
a: Begin Untransformation


You were on level 1 of the Dungeon.
You were an enormous anaconda.
You visited 1 branch of the dungeon, and saw 1 of its levels.

Inventory:

Missiles
 b - 7 darts of dispersal (quivered)
Talismans
 c - a serpent talisman (active)
Scrolls
 a - a scroll of blinking
Potions
 d - a potion of curing {unknown}


   Skills:
 + Level 2.0 Fighting
 + Level 1.0 Throwing
 + Level 2.3 Dodging
 * Level 0.3 Stealth
 + Level 2.0 Unarmed Combat
 + Level 2.0 Spellcasting
 + Level 3.0 Translocations
 * Level 0.0 Shapeshifting


You had 4 spell levels left.
You didn't know any spells.
Your spell library contained the following spells:

 Spells                   Type           Power      Damage    Failure   Level
 Blink                    Tloc           20%        N/A       10%         2
 Lesser Beckoning         Tloc           20%        N/A       10%         2
 Teleport Other           Tloc           10%        N/A       19%         3
 Manifold Assault         Tloc           10%        N/A       54%         4
 Vhi's Electric Charge    Tloc/Air       12%        N/A       75%         4


Dungeon Overview and Level Annotations

Branches:
Dungeon (1/15)

Altars:

Shops:
D:1 (


Innate Abilities, Weirdness & Mutations

You are an enormous anaconda.
You have a powerful constriction melee attack.
Your maximum health is decreased, since you lack skill for your form.
Your armour is entirely melded.
You are incapable of wielding weapons or throwing items.
You cannot wear most types of armour.
You are amphibious.
You can wear up to eight rings at the same time.
((Your skin changes colour to match your surroundings (Stealth+).))
((Your rubbery body absorbs attacks. (AC +1, EV +1)))
((You are camouflaged when in or above water. (Stealth+)))
((You have tentacles for arms and can constrict up to eight enemies at once.))


Message History

You tentacle-slap the endoplasm but do no damage.
You squeeze the endoplasm.
You kill the endoplasm!
Found a serpent talisman.
A bat comes into view.
You see here a serpent talisman.
c - a serpent talisman The bat closely misses you.
A goblin comes into view. It is wielding a +0 club.
Found Atuh's Antique Weapon Shop.
The bat barely misses you.
You closely miss the bat. You grab the bat. Your squeeze misses the bat.
You constrict the bat. The bat closely misses you.
The bat escapes!
You barely miss the bat. You grab the bat.
The bat is moderately wounded.
You constrict the bat, but do no damage.
The bat hits you but does no damage.
The bat escapes!
You barely miss the bat. You grab the bat.
The bat is moderately wounded.
You constrict the bat. The bat barely misses you.
The bat escapes!
You tentacle-slap the bat.
You kill the bat!
You aren't carrying any wearable armour.
You aren't carrying any pieces of jewellery.
You begin transforming.
You continue transforming. x3
You turn into an enormous anaconda.
HP restored.
You see here a bat corpse.
The goblin shouts!
You lash the goblin!
You kill the goblin!
Things that are here:
a +0 club; a goblin corpse
There is an entrance to Atuh's Antique Weapon Shop here.
Found a stone staircase leading down.
d - a fizzy green potion A bat comes into view.
The bat hits you but does no damage. The bat barely misses you.
You closely miss the bat. You grab the bat. You constrict the bat.
The bat hits you.
Ouch! That really hurt!
You die...

# #####.# # #....... ##
#......#
.#########......#
........##......#
#.......##......###.#
#...................
...........>....########
#........#......Sb......
#####+##.#...#.######.##
# #.#...#.# #.#...#.#
#.#...... #####
#.#..##.# .....
......... .....
#.#...#### ##### #.#


You could see a bat.

Vanquished Creatures
  An endoplasm (D:1)
  A bat (D:1)
  A goblin (D:1)
3 creatures vanquished.

Notes
Turn   | Place    | Note
-------+----------+-------------------------------------------
     0 | D:1      | BlueFish the Octopode Warper began the quest for the Orb.
     0 | D:1      | Reached XP level 1. HP: 14/14 MP: 3/3
    31 | D:1      | Found Atuh's Antique Weapon Shop.
    92 | D:1      | Slain by a bat

Illustrated notes

Levels and vault maps discovered:
D:1:      elethiomel_arrival_quiet, layout_basic, serial_shops,
          nicolae_square_shop, st_stairs_2

Action                     || total
---------------------------++-------
  Melee: Unarmed           ||     9
         Constrict         ||     4
         Tentacles         ||     2
 Armour: Skin              ||     3
  Dodge: Dodged            ||     7
   Form: Anaconda          ||     1

Table legend: (Time is in decaauts)
 A = Elapsed time spent in this place.
 B = Non-inter-level travel time spent in this place.
 C = Inter-level travel time spent in this place.
 D = Time resting spent in this place.
 E = Time spent auto-exploring this place.
 F = Levels seen in this place.
 G = Mean time per level.
                   A        B        C        D        E       F      G
               +--------+--------+--------+--------+--------+-----+--------+
         Total |     91 |     91 |      0 |      0 |     41 |   1 |   91.0 |
       Dungeon |     91 |     91 |      0 |      0 |     41 |   1 |   91.0 |
               +--------+--------+--------+--------+--------+-----+--------+

Top non-repeatable levels by time:
     D:1: 91 daAuts
